 Dungeon Crawl Stone Soup version 0.26-a0-639-g72c4674329 (webtiles) character file.

Game seed: 13926971471504175477

361 PentaManta the Slasher (level 6, 0/42 HPs)
             Began as an Octopode Fighter on Sept 18, 2020.
             Was a Follower of Okawaru.
             Slain by a dart slug (1 damage)
             ... on level 5 of the Dungeon.
             The game lasted 00:12:14 (3256 turns).

PentaManta the Slasher (Octopode Fighter)           Turns: 3256, Time: 00:12:14

Health: 0/42       AC:  1    Str: 15    XL:     6   Next: 66%
Magic:  6/6        EV: 15    Int: 11    God:    Okawaru [*.....]
Gold:   174        SH:  0    Dex: 13    Spells: 5/5 levels left

rFire    + . .     SeeInvis .   n - +2 short sword (holy)
rCold    . . .     Faith    .   (no shield)
rNeg     . . .     Spirit   .   (helmet restricted)
rPois    .         Reflect  .   (no amulet)
rElec    .         Harm     .   C - ring of protection from fire
rCorr    .         Rampage  .   y - ring of wizardry
MR       .....                  D - ring of flight
Stlth    ++........             (no ring)
HPRegen  0.14/turn              (no ring)
MPRegen  0.10/turn              (no ring)
                                (no ring)
                                (no ring)

@: no status effects
A: almost no armour, stealthy swim, amphibious, 8 rings, constrict 8, camouflage
1, gelatinous body 1
a: Heroism, Renounce Religion, Evoke Flight


You were on level 5 of the Dungeon.
You worshipped Okawaru.
Okawaru was aware of your devotion.
You visited 1 branch of the dungeon, and saw 5 of its levels.

You collected 174 gold pieces.

Inventory:

Hand Weapons
 a - a +0 long sword
 f - a +0 dagger
 n - a +2 short sword of holy wrath (weapon)
 p - a +0 hunting sling
Missiles
 g - 38 poisoned darts
 o - 166 stones (quivered)
Armour
 b - a +0 kite shield
 q - a +0 buckler
 s - a +0 tower shield
Jewellery
 y - a ring of wizardry (right tentacle)
 C - a ring of protection from fire (left tentacle)
 D - a ring of flight (on tentacle)
Scrolls
 d - 2 scrolls of amnesia {unknown}
 e - 3 scrolls of fog {unknown}
 j - 6 scrolls of identify {unknown}
 k - 5 scrolls of teleportation {unknown}
 l - a scroll of blinking {unknown}
 u - a scroll of enchant weapon {unknown}
 w - 2 scrolls of remove curse {unknown}
Potions
 c - a potion of might
 h - 2 potions of mutation {unknown}
 i - a potion of heal wounds {unknown}
 r - a potion of degeneration {unknown}
 t - a potion of lignification {unknown}
 v - 2 potions of stabbing {unknown}
 x - 2 potions of ambrosia {unknown}
 z - a potion of haste {unknown}
 A - a potion of flight {unknown}
 B - 2 potions of curing {unknown}


   Skills:
 - Level 3.0 Fighting
 + Level 4.8 Long Blades
 + Level 1.9 Throwing
 * Level 4.6 Dodging
 + Level 3.7 Shields


You had 5 spell levels left.
You didn't know any spells.
Your spell library was empty.

Dungeon Overview and Level Annotations

Branches:
Dungeon (5/15)
 Temple: D:4-7

Altars:
Cheibriados
Fedhas
Kikubaaqudgha
Okawaru
Sif Muna

Annotations:
D:4 Sigmund


Innate Abilities, Weirdness & Mutations

You cannot wear most types of armour.
You are very stealthy in the water. (Stealth+)
You are amphibious.
You can wear up to eight rings at the same time.
You can use your tentacles to constrict eight enemies at once.
Your skin changes colour to match your surroundings (Stealth+).
Your rubbery body absorbs attacks. (AC +1, EV +1)


Message History

The dart slug barely misses you. The dart slug completely misses you.
The dart slug barely misses you. The dart slug misses you.
The dart slug closely misses you. The dart slug barely misses you.
The dart slug bites you.
* * * LOW HITPOINT WARNING * * *
The dart slug launches a dart at you. The slug dart hits you.
* * * LOW HITPOINT WARNING * * *
The dart slug bites you.
* * * LOW HITPOINT WARNING * * *
The dart slug closely misses you. The dart slug barely misses you.
The dart slug launches a dart at you. The slug dart hits you.
* * * LOW HITPOINT WARNING * * *
The dart slug bites you.
You die...

##.≈≈≈≈≈##
###..≈≈.≈≈_#
#....≈≈≈≈≈##
#.....≈≈≈...
#...........
#...........
#...w.......
####...@.......
#<#...(........
#.#............
#.#............
#)#(#.#########
#.).#..)
#########


You could see a dart slug.

Vanquished Creatures
  2 centaurs (D:5)
  Blork the orc (D:4)
  A worker ant (D:4)
  A hound skeleton (D:3)
  3 adders (D:2)
  2 oozes
  A worm (D:3)
  A dart slug (D:1)
  A leopard gecko (D:3)
  4 giant cockroaches
  9 goblins
  4 hobgoblins
  4 jackals
  2 quokkas
  8 bats
  6 frilled lizards
  8 kobolds
  6 rats
64 creatures vanquished.

Notes
Turn   | Place    | Note
-------+----------+-------------------------------------------
     0 | D:1      | PentaManta the Octopode Fighter began the quest for the
                  | Orb.
     0 | D:1      | Reached XP level 1. HP: 16/16 MP: 1/1
   341 | D:1      | Reached XP level 2. HP: 11/21 MP: 2/2
  1220 | D:2      | Reached XP level 3. HP: 26/26 MP: 3/3
  1732 | D:2      | Reached XP level 4. HP: 31/31 MP: 4/4
  1824 | D:2      | Found an ancient bone altar of Kikubaaqudgha.
  1873 | D:2      | Found a shimmering blue altar of Sif Muna.
  2710 | D:3      | Found a snail-covered altar of Cheibriados.
  2710 | D:3      | Found a faded altar of an unknown god.
  2716 | D:3      | Found an iron altar of Okawaru.
  2718 | D:3      | Found a blossoming altar of Fedhas.
  2719 | D:3      | Found a faded altar of an unknown god.
  2740 | D:3      | Became a worshipper of Warmaster Okawaru
  2796 | D:4      | Noticed Blork the orc
  2810 | D:4      | Reached XP level 5. HP: 29/36 MP: 5/5
  2825 | D:4      | Killed Blork the orc
  2825 | D:4      | Reached skill level 1 in Throwing
  2883 | D:4      | Noticed Sigmund
  2898 | D:5      | Entered Level 5 of the Dungeon
  2903 | D:5      | Noticed a centaur
  2922 | D:5      | Killed a centaur
  2922 | D:5      | Reached * piety under Okawaru
  2922 | D:5      | Reached XP level 6. HP: 2/42 MP: 6/6
  2970 | D:5      | Found a snail-covered altar of Cheibriados.
  3254 | D:5      | HP: 1/42 [dart slug/slug dart (5)]
  3256 | D:5      | Slain by a dart slug

Illustrated notes

Levels and vault maps discovered:
D:1:      psy_arrival_dodecagon, layout_loops_corners
D:2:      layout_loops_ring, lemuel_crystal_altar, lemuel_blue_sif_altar,
          minmay_misc_feat_doors, serial_bayou_pond_e
D:3:      layout_rooms, chequers_temple_overflow_minitemple, serial_bayou_pond_b
D:4:      layout_cave_pods, serial_shops, nicolae_shop_window_shopping,
          minmay_misc_feat_four_crosses, uniq_blork_the_orc, uniq_edmund,
          uniq_sigmund
D:5:      layout_basic, kennysheep_slug_shrine

Skill      XL: |  1  2  3  4  5 |
---------------+----------------+-----
Long Blades    | 3 4 |  4.8
Throwing       | 1 |  1.9
Dodging        | 4 |  4.6
Fighting       | |  3.0
Shields        | |  3.7

Action                   |  1- 3 |  4- 6 || total
-------------------------+-------+-------++-------
Melee: Dagger            |    36 |       ||    36
       Constrict         |    25 |    14 ||    39
       Tentacles         |    14 |    20 ||    34
       Unarmed           |     2 |       ||     2
       Short sword       |    45 |    68 ||   113
       Long sword        |       |     5 ||     5
Throw: Stone             |    12 |    21 ||    33
       Dart              |       |     6 ||     6
 Stab: Sleeping          |     5 |     4 ||     9
Armor: Skin              |     7 |    20 ||    27
Dodge: Dodged            |    53 |   181 ||   234
Block: Kite shield       |    21 |       ||    21
       Buckler           |     8 |    14 ||    22

Table legend: (Time is in decaauts)
 A = Elapsed time spent in this place.
 B = Non-inter-level travel time spent in this place.
 C = Inter-level travel time spent in this place.
 D = Time resting spent in this place.
 E = Time spent auto-exploring this place.
 F = Levels seen in this place.
 G = Mean time per level.
                   A        B        C        D        E       F      G
               +--------+--------+--------+--------+--------+-----+--------+
         Total |   3259 |   3111 |    148 |    263 |   1598 |   5 |  651.8 |
       Dungeon |   3259 |   3111 |    148 |    263 |   1598 |   5 |  651.8 |
               +--------+--------+--------+--------+--------+-----+--------+

Top non-repeatable levels by time:
     D:1: 1106 daAuts
     D:2: 1008 daAuts
     D:3: 684 daAuts
     D:5: 357 daAuts
     D:4: 103 daAuts
